Workbook

Sheet Итого
A1: Бюджет 2016 с ФАКТИЧЕСКИМИ затратами ( данные предварительные - окончательный вариант после закрытия квартала и собрания) !!!!!
A2: ДНП "Медвежье Озеро 2014"
A5: № п/п | B5: Статья расхода | E5: ФАКТ 2015 | F5: ПЛАН 2016 , руб. в год | G5: 1 квартал 2016 г. | H5: Комментарии
A6: 1. Обязательные платежи по содержанию ДНТ
A7: 1.1. | B7: Специалист по бухгалтерскому и налоговому учёту | E7: =[1]Итого!M7 -> 321000 | F7: =E7 -> 321000 | G7: =30000*3 -> 90000 | H7: с НДФЛ
A8: 1.2. | B8: Аренда помещения правления и охраны | E8: =[1]Итого!M8 -> 0 | F8: 0
A9: 1.3. | B9: Аренда юридического адреса Партнёрства | E9: =[1]Итого!M9 -> 15000 | F9: 15000 | G9: 0 | H9: не оплачиваем, ждём результатов выборов на очереднос собрании . Если остаюсь председателем, то оформлю адрес на своём участке БЕСПЛАТНО. Если перевыберут - попросим нового председателя оформить на своём участке
A10: 1.4. | B10: Расходы на проведение общих собраний 2 раза в год | E10: =[1]Итого!M10 -> 22500 | F10: 25000 | G10: =E10/12*3 -> 5625 | H10: ПРОГНОЗ т.к. второе собрание ( зимой будет точно не на улице, то на его проведение необходимо каждый месяц собирать из взносов
A11: 1.5. | B11: Услуги банка | E11: =[1]Итого!M11 -> 35000 | F11: =3500*12 -> 42000 | G11: 8532
A12: 1.6. | B12: Услуги почты | E12: =[1]Итого!M12 -> 3000 | F12: 10000 | G12: 0 | H12: авансовые отчёты ещё не закрывали, когда сумма будет точная - внесу изменения
A13: 1.7. | B13: Канцелярские расходы, расходы на орг.технику ( компьютер, принтер, картриджи , пропуска, плёнка для ламинатор) | E13: =[1]Итого!M13 -> 13000 | F13: 18000 | G13: 1500 | H13: авансовые отчёты ещё не закрывали, когда сумма будет точная - внесу изменения
A14: 1.8. | B14: Расходы на лицензирование необходимого програмного обеспечения 1С, КОНТУР ( для сдачи деклараций через интернет) | E14: =[1]Итого!M14 -> 13300 | F14: 0
A15: 1.9. | B15: Утилизация и вывоз бытовых отходов по договору со специализированной организацией | E15: =[1]Итого!M15 -> 358000 | F15: 400000 | G15: =22360+28380+32680 -> 83420
A16: 1.10 | B16: Административная часть | F16: =3000*12 -> 36000 | G16: =3000*3 -> 9000 | H16: пропуска, квитанции, документы в магазине
E17: =SUM(E7:E16) -> 780800 | F17: =SUM(F7:F16) -> 867000 | G17: =SUM(G7:G16) -> 198077
A18: 2 . ПЛАТЕЖИ ПО МИНИМАЛЬНОМУ ОБЕСПЕЧЕНИЮ ЖИЗНЕДЕЯТЕЛЬНОСТИ ПОСЁЛКА | H18: трактор | I18: чистка вокруг озера | J18: песок
A19: 2.1. | B19: Услуги ЧОП по осуществлению контрольно-пропускного режима на территорию поселка, 5 постов 350 000 руб в мес БЕЗ НАЛОГОВ | F19: 0
A20: 2.2. | B20: Услуги вневедомственной охраны (тревожная кнопка) на случай чрезвычайных ситуаций, включая оборудование и 2 кнопки. 5 000 руб в мес | F20: 0
A21: 2.3. | B21: Обслуживание и текущий ремонт электрохозяйства поселка | F21: 0
A22: 2.4. | B22: Чистка снега ( с 15 ноября по 15 апреля) | E22: =[1]Итого!M21 -> 364450 | F22: 400000 | G22: =H22+I22+J22 -> 188000 | H22: =161750-5000 -> 156750 | I22: =(4+6+1+2+2+2.5+1.5+2)*1250 -> 26250 | J22: 5000
A23: 2.5. | B23: Обслуживание и текущий ремонт дренажной системы поселка | E23: =[1]Итого!M22 -> 30000 | F23: 0
A24: 2.6. | B24: Материалы, инструменты , сырьё, инвентарь, хоз принадлежности ( бензин для бензопилы, триммеры для покоса травы, ломаты, перчатки и т.д.) + ПЕСОК ДЛЯ ПОСЫПКИ ДОРОГ ЗИМОЙ | E24: =[1]Итого!M23 -> 87010.13 | F24: 50000 | H24: авансовые отчёты ещё не закрывали, когда сумма будет точная - внесу изменения
A25: 2.7. | B25: Обслуживание ЗОП ( ИОП) Комендант посёлка и рабочие | E25: =[1]Итого!M24 -> 281175 | F25: 250000 | G25: =16*1500 -> 24000 | H25: по рабочему цифра предварительная , сегодня с Верой будем по кварталу все затраты смотреть. Возможно изменится.
A26: 2.8. | B26: Специалист по выставлению счетов, работа с дебиторской задолженностью, делопроизводство, работа с собственниками ( 35 390 руб в мес БЕЗ налогов) | E26: =[1]Итого!M25 -> 365400 | F26: =E26 -> 365400 | G26: =35000*3 -> 105000 | H26: Вместе с НДФЛ
A27: 2.9. | B27: Обработка против клещей общественных зон посёлка, включая обработку детской площадки | E27: =[1]Итого!M26 -> 0 | F27: 30000
A28: 2.10. | B28: Чистка дорог в летнее время водой - поливальной машиной с щёткой с мая по октябрь + уборка поваленных деревьев | E28: =[1]Итого!M27 -> 0 | F28: 50000
B29: ИТОГО 2-ой блок | E29: =[1]Итого!$E$28 -> 1213200 | F29: =SUM(F19:F28) -> 1145400 | G29: =SUM(G19:G28) -> 317000
A30: 3. Инвестиционный блок
A31: 3.1. | B31: Установка лежачих полицейских ( для ограничения скорости передвижения по посёлку) | E31: =[1]Итого!M30 -> 40000 | F31: 40000 | G31: 53317
A32: 3.2. | B32: Установка дорожных знаков ( не более 20 шт. по 4,5 тыс р.) Примечание - данный пункт актуален только вслучае принятия решения по п. 3.1 | E32: =[1]Итого!M31 -> 0 | F32: 50000
A33: 3.3 | B33: Вывоз диких собак ( около 20 собак по 4 т.р.) | E33: =[1]Итого!M32 -> 0 | F33: 20000
A34: 3.4. | B34: Обслуживание и текущий ремонт площадок и ограждений для сбора бытовых отходов. Установки доп. Загрождения и чипов | E34: =[1]Итого!M33 -> 27328 | F34: 10000
A35: 3.5. | B35: Установка средств слежения | E35: =[1]Итого!M34 -> 0 | F35: 0
A36: 3.6. | B36: Расходы на юридические услуги оказываемые товариществу | E36: =[1]Итого!M35 -> 0 | F36: 50000
A37: 3.7 | B37: Информационные баннеры | E37: =[1]Итого!M36 -> 0 | F37: 10000
A38: 3.8. | B38: Изготовление копии плана застройки посёлка на ДНП | E38: =[1]Итого!M37 -> 25000 | F38: 0
A39: 3.9 | B39: Чистка пруда
B40: ИТОГО 3-ий блок | E40: =[1]Итого!$M$38 -> 92328 | F40: =SUM(F31:F39) -> 180000 | G40: =SUM(G31:G39) -> 53317
A42: 4. | B42: Обязательные налоги и платежи | E42: =[1]Итого!$M$40 -> 319560 | F42: =F7*0.13+F7*0.3+F21*0.18+F25*0.13+F25*0.3+F26*0.13+F26*0.3+F16*0.3 -> 413452 | G42: 127734
B44: ИТОГО по всем блокам с налогами и сборами | E44: =[1]Итого!$M$42 -> 2320723.1 | F44: =F42+F40+F29+F17 -> 2605852 | G44: =G42+G40+G29+G17 -> 696128
